 Dungeon Crawl Stone Soup version 0.26.1-11-gd32895ea62 (webtiles) character file.

Game seed: 14783508250466662316

10479 DildoBatman the Black Sun (level 11, -6/83 HPs)
             Began as a Formicid Conjurer on July 5, 2021.
             Was a High Priest of Kikubaaqudgha.
             Hit by a large rock thrown by a cyclops (14 damage)
             ... on level 11 of the Dungeon.
             The game lasted 00:38:00 (8551 turns).

DildoBatman the Black Sun (Formicid Conjurer)       Turns: 8551, Time: 00:38:00

Health: -6/83      AC:  8    Str: 19    XL:     11   Next: 93%
Magic:  3/24       EV: 13    Int: 22    God:    Kikubaaqudgha [*****.]
Gold:   670        SH:  5    Dex: 12    Spells: 16/28 levels left

rFire    . . .     SeeInvis +   a - +8 dagger of Righteous Fury {pain, Str+3}
rCold    . . .     Faith    .   (no shield)
rNeg     . . .     Spirit   .   v - +1 ring mail of Shielding {Rampage Will++ Str-2 Int+4}
rPois    .         Reflect  +   (helmet unavailable)
rElec    .         Harm     .   (no cloak)
rCorr    .         Rampage  +   (no gloves)
Will     +++..                  q - +0 pair of boots
Stlth    +.........             G - amulet of reflection
HPRegen  0.23/turn              I - +6 ring of strength
MPRegen  0.19/turn              (no ring)

@: no status effects
A: permanent stasis, dig shafts and tunnels, four strong arms, antennae 3
a: Dig, Shaft Self, Renounce Religion, Receive Corpses, Torment


You were on level 11 of the Dungeon.
You worshipped Kikubaaqudgha.
Kikubaaqudgha was extremely pleased with you.
You visited 2 branches of the dungeon, and saw 12 of its levels.

You collected 700 gold pieces.
You spent 30 gold pieces at shops.

Inventory:

Hand Weapons
 a - the +8 dagger of Righteous Fury (weapon) {pain, Str+3}
   (You found it on level 6 of the Dungeon)

   In the hands of one skilled in necromantic magic, it inflicts extra damage on
   living creatures.
   It affects your strength (+3).
 d - a +3 shortbow
Missiles
 k - 80 sling bullets
 m - 52 poisoned darts
 r - 111 bolts
 s - 216 arrows
 t - 10 boomerangs
 u - 3 curare-tipped darts (quivered)
 w - 7 atropa-tipped darts
 D - 429 stones
 E - 2 throwing nets
Armour
 q - a +0 pair of boots (worn)
 v - the +1 ring mail of Shielding (worn) {Rampage Will++ Str-2 Int+4}
   (You found it on level 9 of the Dungeon)

   It affects your strength (-2).
   It affects your intelligence (+4).
   It affects your willpower, your defense against some magical effects.
   It bestows one free step when moving towards enemies.
 y - a +1 ring mail of fire resistance
 A - a +3 chain mail of cold resistance
Jewellery
 F - an uncursed ring of ice
 G - an amulet of reflection (around neck)
 I - a +6 ring of strength (left hand)
Wands
 e - a wand of iceblast (5)
 f - a wand of acid (55)
 j - a wand of paralysis (5)
Scrolls
 b - 2 scrolls of enchant armour {unknown}
 g - a scroll of noise {unknown}
 p - 4 scrolls of immolation
 x - 5 scrolls of remove curse
 z - 4 scrolls of identify
 H - 3 scrolls of magic mapping {unknown}
 J - 2 scrolls of fog {unknown}
 L - 4 scrolls of teleportation {unknown}
 M - a scroll of enchant weapon {unknown}
 N - 3 scrolls of fear {unknown}
Potions
 c - a potion of lignification {unknown}
 i - 3 potions of brilliance
 l - 3 potions of curing
 n - a potion of attraction {unknown}
 o - 3 potions of flight
 B - a potion of magic {unknown}
 C - a potion of ambrosia {unknown}
 K - a potion of resistance
 O - a potion of mutation {unknown}
 P - a potion of might {unknown}


   Skills:
 * Level 6.6 Fighting
 * Level 6.6 Armour
 * Level 5.6 Dodging
 - Level 2.4 Stealth
 * Level 9.1 Spellcasting
 - Level 6.0 Conjurations
 * Level 10.5 Necromancy


You had 16 spell levels left.
You knew the following spells:

 Your Spells              Type           Power        Failure   Level
a - Searing Ray           Conj           72%          1%          2
c - Magic Dart            Conj           100%         1%          1
d - Vampiric Draining     Necr           27%          1%          3
h - Dispel Undead         Necr           54%          1%          4
z - Sublimation of Blood  Necr           27%          1%          2

Your spell library contained the following spells:

 Spells                   Type           Power        Failure   Level
 Animate Skeleton         Necr           100%         1%          1
 Pain                     Necr           100%         1%          1
 Animate Dead             Necr           27%          1%          4
 Excruciating Wounds      Necr           27%          3%          5
 Dazzling Flash           Conj/Hex       46%          10%         3
 Death Channel            Necr           27%          22%         6
 Fulminant Prism          Conj/Hex       11%          30%         4
 Iskenderun's Mystic Bla  Conj/Tloc      23%          30%         4
 Simulacrum               Ice/Necr       16%          88%         6


Dungeon Overview and Level Annotations

Branches:
Dungeon (11/15)            Temple (1/1) D:6            Lair (0/6) D:8
    Orc (0/2) D:9

Altars:
Ashenzari
Cheibriados
Dithmenos
Elyvilon
Fedhas
Gozag
Hepliaklqana
Kikubaaqudgha
Makhleb
Nemelex Xobeh
Okawaru
Qazlal
Ru
Sif Muna
Trog
Uskayaw
Vehumet
Wu Jian
Xom
Yredelemnul
Zin
The Shining One

Shops:
D:4 :   D:5 (   D:10 *

Annotations:
D:4 exclusion: moth of wrath
D:7 exclusion: boulder beetle
D:11 exclusion: acid dragon


Innate Abilities, Weirdness & Mutations

You cannot be hasted, slowed, berserked, paralysed or teleported.
You can dig through walls and to a lower floor.
Your four strong arms can wield two-handed weapons with a shield.
You have a pair of large antennae on your head. (SInv)


Message History

You kill the leopard gecko!
Kikubaaqudgha accepts your kill.
The orc warrior hits you with a +0 scimitar!
Casting: Searing Ray (safe; 1% risk of failure)
Confirm with . or Enter, or press ? or * to list all spells.
Aiming: Vampiric Draining (safe; 1% risk of failure)
Press: ? - help, Shift-Dir - straight line, f/p - orc warrior
Aim: an orc warrior, wielding a +0 scimitar and wearing a +0 chain mail (heavily wounded)
The orc warrior is almost dead.
You feel life coursing into your body.
The orc warrior hits you with a +0 scimitar!!
You feel better.
The orc warrior hits you with a +0 scimitar!
A cyclops comes into view.
A jackal comes into view.
The jackal barks!
The cyclops throws a large rock.
The large rock hits you!
You die...
Kikubaaqudgha rasps: "You have failed me!
Welcome... death!"

..........# ##....B.o....
..........####.########...
####...{....o.#
#..######### #..# #{.#
########. #####..#
#........ .......#
#........
.......#########@...h...
####......)...o.#####.## #
#...########.# # #...# #.#
# #...# #.# ## #...# #C#
........ ..# .......## ..#
.......# ..#


You could see a cyclops, an orc warrior and a jackal.

Vanquished Creatures
  3 two-headed ogres (D:10)
  Pikel (D:8)
  A manticore (D:11)
  An elephant (D:8)
  A centaur skeleton (D:5)
  2 komodo dragons (D:11)
  Prince Ribbit (D:5)
  A wraith (D:11)
  2 basilisks (D:8)
  5 yaks
  Edmund (D:4)
  3 water moccasins
  3 ice beasts
  An eye of draining (D:10)
  6 orc warriors
  2 sky beasts
  A phantom (D:9)
  7 ogres
  4 centaurs
  A big kobold (D:9)
  3 lemures (D:8)
  3 bullfrogs
  A gnoll sergeant (D:6)
  5 scorpions
  6 killer bees (D:7)
  5 wights (D:10)
  2 howler monkeys
  A lava snake (D:10)
  An iron imp (D:6)
  3 jellies
  10 orc priests
  5 hounds
  2 gnoll shamans
  8 orc wizards
  Natasha (thrice) (D:2)
  2 iguanas
  7 worker ants
  3 hound zombies
  3 worker ant zombies
  Robin (D:1)
  9 gnolls
  8 adders
  A howler monkey skeleton (D:3)
  3 shadow imps
  3 white imps
  2 ufetubi
  An ooze (D:4)
  An adder zombie (D:4)
  An adder skeleton (D:5)
  4 worms (D:4)
  2 dart slugs (D:2)
  8 leopard geckos
  35 orcs
  6 bats
  6 giant cockroaches
  14 goblins
  14 hobgoblins
  5 jackals
  3 quokkas
  2 ball pythons
  3 frilled lizards
  A goblin skeleton (D:6)
  2 goblin zombies (D:6)
  2 hobgoblin zombies (D:6)
  A jackal skeleton (D:5)
  8 kobolds
  2 leopard gecko skeletons
  An orc skeleton (D:6)
  An orc zombie (D:6)
  A quokka skeleton (D:9)
  10 rats
281 creatures vanquished.

Vanquished Creatures (others)
  6 plants
6 creatures vanquished.

Grand Total: 287 creatures vanquished

Notes
Turn   | Place    | Note
-------+----------+-------------------------------------------
     0 | D:1      | DildoBatman the Formicid Conjurer began the quest for the
                  | Orb.
     0 | D:1      | Reached XP level 1. HP: 13/13 MP: 3/3
   187 | D:1      | Reached XP level 2. HP: 14/19 MP: 1/5
   190 | D:1      | Learned a level 2 spell: Searing Ray
   388 | D:1      | Reached XP level 3. HP: 15/24 MP: 2/6
   801 | D:2      | Noticed Robin
   931 | D:2      | Found an ancient bone altar of Kikubaaqudgha.
   937 | D:2      | Became a worshipper of Kikubaaqudgha
   949 | D:1      | Killed Robin
   950 | D:1      | Reached XP level 4. HP: 23/30 MP: 1/7
   970 | D:2      | Reached skill level 5 in Conjurations
  1207 | D:2      | Noticed Natasha
  1298 | D:2      | Killed Natasha
  1298 | D:2      | Reached * piety under Kikubaaqudgha
  1298 | D:2      | Identified Kikubaaqudgha's Volume of Necromancy
                  | (Kikubaaqudgha gifted it to you on level 2 of the Dungeon)
  1298 | D:2      | Received a gift from Kikubaaqudgha
  1299 | D:2      | Reached XP level 5. HP: 18/35 MP: 4/8
  1303 | D:2      | Learned a level 2 spell: Sublimation of Blood
  1307 | D:2      | Learned a level 3 spell: Vampiric Draining
  1417 | D:2      | Noticed Natasha
  1421 | D:2      | Killed Natasha
  1421 | D:2      | Noticed Natasha
  1451 | D:2      | Killed Natasha
  1521 | D:2      | Reached skill level 1 in Armour
  1589 | D:2      | Reached skill level 1 in Fighting
  1778 | D:3      | Found a transporter.
  1809 | D:3      | Reached XP level 6. HP: 43/43 MP: 4/9
  1860 | D:3      | Found a transporter.
  2401 | D:4      | Reached skill level 1 in Necromancy
  2401 | D:4      | Reached XP level 7. HP: 41/50 MP: 3/11
  2444 | D:4      | Reached skill level 2 in Necromancy
  2648 | D:4      | Noticed a moth of wrath
  2650 | D:4      | Found a bloodstained altar of Trog.
  2726 | D:4      | Reached ** piety under Kikubaaqudgha
  2845 | D:4      | Noticed Edmund
  2853 | D:4      | Killed Edmund
  2854 | D:4      | Reached skill level 3 in Necromancy
  2883 | D:4      | Reached XP level 8. HP: 42/56 MP: 4/15
  2920 | D:4      | Found Kaifrurph's Book Shop.
  3197 | D:5      | Entered Level 5 of the Dungeon
  3201 | D:5      | Reached skill level 5 in Spellcasting
  3201 | D:5      | Reached skill level 4 in Necromancy
  3211 | D:5      | Reached skill level 5 in Necromancy
  3269 | D:5      | Found Ingalimmo's Antique Weapon Shop.
  3375 | D:5      | Found a burning altar of Makhleb.
  3375 | D:5      | Noticed Prince Ribbit
  3397 | D:5      | Killed Prince Ribbit
  3398 | D:5      | Reached skill level 6 in Necromancy
  3398 | D:5      | Reached XP level 9. HP: 45/61 MP: 12/19
  3429 | D:5      | Found a shimmering blue altar of Sif Muna.
  3429 | D:5      | Found a sacrificial altar of Ru.
  3435 | D:5      | Found a shadowy altar of Dithmenos.
  3435 | D:5      | Found an ornate altar of the Wu Jian Council.
  3496 | D:5      | Reached skill level 7 in Necromancy
  4080 | D:6      | Found a glowing golden altar of the Shining One.
  4086 | D:6      | Reached *** piety under Kikubaaqudgha
  4086 | D:6      | Identified Kikubaaqudgha's Almanac of Unholy Rituals
                  | (Kikubaaqudgha gifted it to you on level 6 of the Dungeon)
  4086 | D:6      | Received a gift from Kikubaaqudgha
  4131 | D:6      | Found a staircase to the Ecumenical Temple.
  4151 | Temple   | Entered the Ecumenical Temple
  4285 | D:6      | Reached skill level 8 in Necromancy
  4602 | D:6      | Got an iridescent dagger
  4603 | D:6      | Identified the +8 dagger of Righteous Fury {pain, Str+3}
                  | (You found it on level 6 of the Dungeon)
  5058 | D:7      | Learned a level 4 spell: Dispel Undead
  5144 | D:7      | Reached skill level 9 in Necromancy
  5145 | D:7      | Reached XP level 10. HP: 61/68 MP: 15/20
  5337 | D:7      | Noticed a boulder beetle
  5396 | D:7      | Reached **** piety under Kikubaaqudgha
  5845 | D:8      | Noticed Pikel
  5872 | D:8      | Killed Pikel
  6239 | D:8      | Noticed an elephant
  6286 | D:8      | Found a staircase to the Lair.
  6410 | D:8      | Killed an elephant
  6646 | D:9      | Got a transparent ring mail
  6657 | D:9      | Identified the +1 ring mail of Shielding {Rampage Will++
                  | Str-2 Int+4} (You found it on level 9 of the Dungeon)
  6723 | D:9      | Reached XP level 11. HP: 66/78 MP: 7/23
  6777 | D:9      | Found a staircase to the Orcish Mines.
  6812 | D:9      | Reached skill level 5 in Fighting
  6812 | D:9      | Reached skill level 5 in Armour
  6945 | D:9      | Found an iron altar of Okawaru.
  6946 | D:9      | Found a broken altar of Ashenzari.
  6948 | D:9      | Found a white marble altar of Elyvilon.
  6948 | D:9      | Found a hazy altar of Hepliaklqana.
  7199 | D:10     | Entered Level 10 of the Dungeon
  7202 | D:10     | Reached ***** piety under Kikubaaqudgha
  7246 | D:10     | Found a broken altar of Ashenzari.
  7284 | D:10     | Noticed a two-headed ogre
  7304 | D:10     | Killed a two-headed ogre
  7305 | D:10     | Reached skill level 10 in Necromancy
  7393 | D:10     | Noticed a two-headed ogre
  7410 | D:10     | Killed a two-headed ogre
  7446 | D:10     | Found a white marble altar of Elyvilon.
  7449 | D:10     | Noticed a two-headed ogre
  7478 | D:10     | Killed a two-headed ogre
  7479 | D:10     | Reached skill level 5 in Dodging
  7518 | D:10     | Found Rics's Assorted Antiques.
  7532 | D:10     | Bought a scroll labelled LACKAEHYUH for 30 gold pieces
  8120 | D:11     | Noticed a manticore
  8131 | D:11     | Killed a manticore
  8549 | D:11     | Noticed a cyclops
  8551 | D:11     | Hit by a large rock thrown by a cyclops

Illustrated notes

Levels and vault maps discovered:
D:1:      nicolae_arrival_washed_ashore, layout_loops_ring
D:2:      layout_basic, lemuel_crystal_altar, uniq_robin, uniq_natasha
D:3:      gammafunk_wand_slinger, layout_basic, kennysheep_generic_room_6
D:4:      layout_rooms, tgw_trog, serial_shops, nicolae_shop_crystal,
          minmay_pentangle, uniq_edmund
D:5:      layout_loops_ring, grunt_temple_overflow_open, serial_shops,
          shop_statue, uniq_prince_ribbit1
D:6:      layout_gridville, nicolae_tso_besieged_by_evil,
          minmay_temple_entry_tees, kennysheep_generic_room_5
D:7:      layout_basic, minmay_microvault
D:8:      layout_cave_pools, david_lair_generic, uniq_pikel
D:9:      layout_roguey, nicolae_overflow_hidden_temple, david_orc_4
D:10:     layout_roguey, basic_altar, serial_shops,
          nicolae_shop_overgrown_old_shop, st_stairs_5,
          kennysheep_big_empty_room, evilmike_ruin_ashenzari
D:11:     regret_index_harrowing_hell_hive, layout_small_grid
Temple:   zaba_magenta_temple

Skill      XL: |  1  2  3  4  5  6  7  8  9 10 11 |
---------------+----------------------------------+-----
Conjurations   | 4 5 6 |  6.0
Armour         | 1 2 4 6 |  6.6
Fighting       | 1 2 4 6 |  6.6
Spellcasting   | 3 4 6 7 8 9 |  9.1
Necromancy     | 1 3 6 9 10 | 10.5
Dodging        | 2 4 5 |  5.6
Stealth        | |  2.4

Action                   |  1- 3 |  4- 6 |  7- 9 | 10-12 || total
-------------------------+-------+-------+-------+-------++-------
Melee: Club              |    10 |       |       |       ||    10
       Whip              |    12 |    47 |    31 |       ||    90
       Quarterstaff      |       |       |    31 |       ||    31
       Flail             |       |       |    27 |       ||    27
       Dagger            |       |       |     5 |    65 ||    70
Throw: Dart              |       |       |       |     1 ||     1
 Cast: Magic Dart        |    29 |    23 |    13 |    15 ||    80
       Searing Ray       |     4 |    25 |    39 |    67 ||   135
       Vampiric Draining |       |       |     3 |    45 ||    48
       Dispel Undead     |       |       |       |     5 ||     5
 Abil: Dig               |     2 |     9 |    15 |    20 ||    46
  Use: Scroll            |       |     5 |     3 |       ||     8
       Potion            |       |       |       |     3 ||     3
 Stab: Sleeping          |     1 |     1 |     2 |     1 ||     5
Armor: Robe              |     3 |     9 |       |       ||    12
       Ring mail         |       |     1 |    37 |    35 ||    73
Dodge: Dodged            |    16 |    32 |    56 |    81 ||   185
Block: Other             |    13 |    12 |    25 |    38 ||    88
       Reflection        |       |     1 |     1 |     4 ||     6
